 Dungeon Crawl Stone Soup version 0.29-a0-283-ga02f740833 (webtiles) character file.

Game seed: 7916067779409499066

6484 kae the Carver (level 11, -17/87 HPs)
             Began as a Merfolk Abyssal Knight on Mar 13, 2022.
             Was an Elder of Lugonu.
             Killed from afar by an acid dragon (19 damage)
             ... with a splash of acid
             ... on level 9 of the Dungeon.
             The game lasted 00:09:54 (13034 turns).

kae the Carver (Merfolk Abyssal Knight)            Turns: 13034, Time: 00:09:55

Health: -17/87     AC:  3    Str: 13    XL:     11   Next: 0%
Magic:  17/17      EV: 18    Int: 11    God:    Lugonu [****..]
Gold:   510        SH:  0    Dex: 18    Spells: 10/10 levels left

rFire   . . .      SeeInvis .   s - +4 great sword
rCold   . . .      Faith    .   (shield currently unavailable)
rNeg    + . .      Spirit   .   t - +0 steam dragon scales
rPois   .          Reflect  .   w - +1 helmet
rElec   .          Harm     .   g - scarf {repulsion}
rCorr   .          Rampage  .   (no gloves)
Will    .....                   (no boots)
Stlth   ++........              (no amulet)
HPRegen 0.24/turn               h - +4 ring of protection
MPRegen 0.15/turn               r - ring of positive energy

@: corroded, repel missiles
A: (nimble swimmer 2), mertail
a: Renounce Religion, Depart the Abyss, Bend Space, Banish, Corrupt


You were on level 9 of the Dungeon.
You worshipped Lugonu.
Lugonu was greatly pleased with you.
You visited 1 branch of the dungeon, and saw 9 of its levels.
You visited the Abyss 1 time.

You collected 510 gold pieces.

Inventory:

Hand Weapons
 a - a +2 falchion
 s - a +4 great sword (weapon)
Armour
 g - a scarf of repulsion (worn)
 t - +0 steam dragon scales (worn)
 w - a +1 helmet (worn)
 C - a +0 cloak of poison resistance
Jewellery
 b - a ring of poison resistance
 c - a +6 ring of intelligence
 h - a +4 ring of protection (left hand)
 i - a ring of wizardry
 r - a ring of positive energy (right hand)
 u - a ring of protection from cold
 v - an amulet of faith
Wands
 o - a wand of flame (24)
 z - a wand of mindburst (27)
 D - a wand of iceblast (6)
Scrolls
 d - 2 scrolls of blinking
 k - 2 scrolls of amnesia
 l - 3 scrolls of identify
 n - a scroll of teleportation
 p - 2 scrolls of fog
 y - a scroll of enchant weapon
 E - a scroll of immolation {unknown}
Potions
 e - a potion of cancellation
 f - 4 potions of curing
 j - 2 potions of flight
 m - 3 potions of attraction {unknown}
 q - a potion of haste
 x - a potion of lignification {unknown}
 A - a potion of ambrosia {unknown}
 B - a potion of mutation {unknown}


   Skills:
 + Level 8.7 Fighting
 * Level 12.5 Long Blades
 - Level 0.6 Armour
 + Level 9.9 Dodging
 + Level 8.2 Invocations


You had 10 spell levels left.
You didn't know any spells.
Your spell library contained the following spells:

 Spells                   Type           Power      Damage    Failure   Level
 Shock                    Conj/Air       0%         1d3       34%         1
 Sting                    Tmut/Pois      0%         1d3       34%         1
 Corpse Rot               Necr/Air       0%         N/A       47%         2
 Poisonous Vapours        Pois/Air       0%         N/A       47%         2
 Swiftness                Air            0%         N/A       71%         3
 Tukima's Dance           Hex            0%         N/A       71%         3
 Airstrike                Air            0%         N/A       98%         4
 Anguish                  Hex/Necr       0%         N/A       98%         4
 Olgreb's Toxic Radiance  Pois           0%         N/A       98%         4
 Enfeeble                 Hex            0%         N/A       100%        7


Dungeon Overview and Level Annotations

Branches:
Dungeon (9/15)             Temple (0/1) D:7
   Lair: D:8-11         Orc: D:9-12

Altars:
Elyvilon
Gozag
Sif Muna
Xom

Shops:
D:2 [   D:5 (

Annotations:
D:4 2 transporters, bmj180's ghost, weakling DsNe
Abyss:1 Amaemon


Innate Abilities, Weirdness & Mutations

((You are very nimble when in or above water. (Stealth+, EV+, Speed+++)))
Your lower body shifts to a powerful aquatic tail in water.


Message History

You have reached level 11!
You slash the orc!
You kill the orc!
Lugonu accepts your kill. The orc warrior misses you.
You slice the orc!!
You kill the orc!
Lugonu accepts your kill. The orc warrior barely misses you.
You slash the orc warrior!
The orc warrior is heavily wounded.
The orc warrior barely misses you.
You slash the acid dragon!
The acid dragon is severely wounded.
The acid dragon spits acid at you. The splash of acid hits you!
The acid corrodes you!
The orc warrior hits you with a +0 flail!
You barely miss the orc warrior.
The orc warrior is heavily wounded.
The acid dragon barely misses you. The acid dragon misses you.
The orc warrior hits you with a +0 flail!
You closely miss the acid dragon.
The acid dragon is severely wounded.
The acid dragon closely misses you. x2; The orc warrior misses you.
You closely miss the acid dragon.
The acid dragon is severely wounded.
The acid dragon misses you. The acid dragon completely misses you.
The orc warrior closely misses you. The acid dragon completely misses you.
The acid dragon claws you. The orc warrior closely misses you.
You closely miss the acid dragon.
The acid dragon is heavily wounded.
The acid dragon spits acid at you. The splash of acid hits you!!
* * * LOW HITPOINT WARNING * * *
The acid corrodes you! The orc warrior completely misses you.
You closely miss the acid dragon.
The acid dragon is heavily wounded.
The acid dragon spits acid at you. The splash of acid hits you!!
You die...

##### ...# .##.# ...#
#.!. .# .. ##.## #...##
#..# #..... # ##.# #....#
#.. #.### ...# ##.... #
#...########.####...#
#####...............#
............#...@D######.
..#########...###o.......
..# ####..### #######..
#.# #....## #.# ###.####
#.###...# #.##..###
#....## ######


You could see an orc warrior and an acid dragon (catching breath).

Vanquished Creatures
  A two-headed ogre (D:8)
  A death yak (D:9)
  Maurice (D:8)
  Maggie (D:8)
  Sigmund (D:3)
  A yak (D:9)
  A steam dragon (D:7)
  2 water moccasins
  An acid dragon (D:9)
  2 black bears
  An ice beast (D:5)
  5 sky beasts
  5 centaurs
  A phantom (D:7)
  A kobold brigand (D:5)
  4 bullfrogs
  A scorpion (D:6)
  2 gnoll sergeants
  2 necrophages
  6 wights
  2 howler monkeys (D:5)
  3 hounds
  3 gnoll shamans
  2 orc priests
  Natasha (thrice) (D:3)
  Terence (D:3)
  3 iguanas (D:5)
  9 orc wizards
  19 gnolls
  3 adders
  A worm (D:2)
  3 dart slugs
  17 orcs
  9 bats
  10 endoplasms
  3 giant cockroaches
  6 goblins
  7 hobgoblins
  3 jackals (D:4)
  15 kobolds
  7 quokkas
  7 ball pythons
  5 frilled lizards
  3 rats
184 creatures vanquished.

Vanquished Creatures (others)
  A jackal (D:4)
  A bat (D:1)
  4 plants (D:7)
6 creatures vanquished.

Grand Total: 190 creatures vanquished

Notes
Turn   | Place    | Note
-------+----------+-------------------------------------------
     0 | Abyss:1  | kae the Merfolk Abyssal Knight began the quest for the Orb.
     0 | Abyss:1  | Reached XP level 1. HP: 18/18 MP: 2/2
    42 | D:1      | Escaped the Abyss
   111 | D:1      | Reached XP level 2. HP: 14/24 MP: 3/3
   454 | D:1      | Reached skill level 3 in Long Blades
   845 | D:1      | Reached XP level 3. HP: 29/29 MP: 4/4
  1430 | D:2      | Found Poodd's Antique Armour Emporium.
  1543 | D:2      | Noticed a necrophage
  1555 | D:2      | Killed a necrophage
  1556 | D:2      | Reached skill level 4 in Long Blades
  1556 | D:2      | Reached XP level 4. HP: 8/37 MP: 4/6
  1801 | D:2      | Reached *** piety under Lugonu
  2202 | D:2      | Found a shimmering altar of Xom.
  2310 | D:2      | Reached XP level 5. HP: 26/42 MP: 7/7
  2753 | D:3      | Found a faded altar of an unknown god.
  2914 | D:3      | Noticed Sigmund
  3127 | D:3      | Noticed a sky beast
  3502 | D:3      | Noticed Natasha
  3526 | D:3      | Killed Natasha
  3953 | D:3      | Noticed Natasha
  3969 | D:3      | Killed Natasha
  4015 | D:3      | Noticed Terence
  4087 | D:3      | Killed Terence
  4088 | D:3      | Reached skill level 5 in Long Blades
  4088 | D:3      | Reached XP level 6. HP: 43/49 MP: 8/8
  4378 | D:4      | Found a white marble altar of Elyvilon.
  4411 | D:4      | Found a transporter.
  4414 | D:4      | Noticed bmj180's ghost (weakling DsNe)
  4421 | D:4      | Found a transporter.
  4432 | D:4      | Noticed a black bear
  4445 | D:4      | Killed a black bear
  4447 | D:4      | Reached **** piety under Lugonu
  4457 | D:4      | Noticed a steam dragon
  4470 | D:4      | HP: 1/49 [something/ball of steam (17)]
  5303 | D:5      | Entered Level 5 of the Dungeon
  5311 | D:5      | Noticed a sky beast
  5379 | D:5      | Killed a sky beast
  5520 | D:5      | Reached XP level 7. HP: 49/55 MP: 9/9
  5535 | D:5      | Reached skill level 6 in Long Blades
  5535 | D:5      | Reached skill level 5 in Dodging
  5923 | D:5      | Reached skill level 5 in Fighting
  5984 | D:5      | Found Yzaveo's Antique Weapon Shop.
  6617 | D:3      | Noticed Natasha
  6623 | D:3      | Killed Natasha
  6701 | D:3      | Killed Sigmund
  6702 | D:3      | Reached skill level 7 in Long Blades
  6702 | D:3      | Reached XP level 8. HP: 33/63 MP: 11/11
  7845 | D:6      | Reached skill level 5 in Invocations
  8194 | D:6      | Reached skill level 8 in Long Blades
  9140 | D:6      | Found an opulent altar of Gozag.
  9140 | D:6      | Found a shimmering blue altar of Sif Muna.
  9522 | D:7      | Reached XP level 9. HP: 54/71 MP: 13/13
  9566 | D:7      | Reached skill level 9 in Long Blades
 10269 | D:7      | Found a staircase to the Ecumenical Temple.
 10512 | D:7      | Reached ***** piety under Lugonu
 10517 | D:7      | Reached skill level 10 in Long Blades
 10827 | D:7      | Identified the +10 dagger "Cupiusi" {antimagic, Fragile
                  | rF+++ Will- Stlth+}
 10893 | D:8      | Noticed Maggie
 10912 | D:8      | Killed Maggie
 11086 | D:8      | Reached XP level 10. HP: 77/79 MP: 15/15
 11203 | D:8      | Noticed Maurice
 11230 | D:8      | Killed Maurice
 11231 | D:8      | Reached skill level 11 in Long Blades
 11520 | D:8      | Noticed a two-headed ogre
 11527 | D:8      | Killed a two-headed ogre
 11853 | D:8      | Noticed an orange demon
 11854 | D:8      | Noticed Amaemon
 12061 | D:9      | Noticed a death yak
 12070 | D:9      | Noticed a death yak
 12073 | D:9      | Noticed a death yak
 12082 | D:9      | Killed a death yak
 12259 | D:8      | Banished Amaemon
 12260 | D:8      | Reached skill level 12 in Long Blades
 12262 | D:8      | Banished an orange demon
 13026 | D:9      | Reached XP level 11. HP: 67/87 MP: 17/17
 13033 | D:9      | HP: 2/87 [acid dragon/splash of acid (31)]
 13034 | D:9      | Killed from afar by an acid dragon

Illustrated notes

Levels and vault maps discovered:
D:1:      dpeg_arrival_tiny_f, layout_basic, lemuel_flame_loot_1
D:2:      layout_loops_ring, serial_shops, nicolae_lakefront_shop, basic_altar
D:3:      layout_loops_cross, nicolae_ecumenical_oubliette, uniq_natasha,
          uniq_sigmund, uniq_terence
D:4:      layout_cave_pools, elyvilon_altar_5, gammafunk_ghost_smash
D:5:      layout_loops_cross, serial_shops, shop
D:6:      layout_gridville, gammafunk_temple_overflow_wave
D:7:      layout_rooms, minmay_temple_entry_overgrown, columned_hall_lemuel
D:8:      layout_basic, minmay_quadrilaterals, uniq_maggie, uniq_amaemon,
          uniq_maurice
D:9:      layout_rooms, dpeg_lair_monsters, kennysheep_generic_room_13

Skill      XL: |  1  2  3  4  5  6  7  8  9 10 |
---------------+-------------------------------+-----
Dodging        | 3 4 5 7 8 9 |  9.9
Long Blades    | 3 4 5 7 8 10 12 | 12.5
Fighting       | 4 5 6 7 8 |  8.7
Invocations    | 3 4 5 6 8 |  8.2
Armour         | |  0.6

Action                   |  1- 3 |  4- 6 |  7- 9 | 10-12 || total
-------------------------+-------+-------+-------+-------++-------
Melee: Falchion          |   107 |   183 |   302 |       ||   592
       Punch             |     3 |     2 |     3 |       ||     8
       Great sword       |       |       |    96 |    89 ||   185
Invok: Bend Space        |       |     1 |     1 |     1 ||     3
       Banish            |       |       |       |     6 ||     6
Evoke: Wand              |       |       |       |     1 ||     1
  Use: Scroll            |     1 |    11 |     2 |     1 ||    15
       Potion            |       |       |     1 |       ||     1
 Stab: Sleeping          |     1 |     1 |     1 |       ||     3
Armor: Leather armour    |    39 |    46 |    99 |       ||   184
       Steam dragon scal |       |       |    24 |    11 ||    35
Dodge: Dodged            |    79 |   138 |   384 |    81 ||   682
       Repelled          |       |       |     4 |     1 ||     5

Table legend: (Time is in decaauts)
 A = Elapsed time spent in this place.
 B = Non-inter-level travel time spent in this place.
 C = Inter-level travel time spent in this place.
 D = Time resting spent in this place.
 E = Time spent auto-exploring this place.
 F = Levels seen in this place.
 G = Mean time per level.
                   A        B        C        D        E       F      G
               +--------+--------+--------+--------+--------+-----+--------+
         Total |  13094 |  12533 |    561 |   3768 |   6746 |  10 | 1309.4 |
       Dungeon |  13052 |  12491 |    561 |   3768 |   6708 |   9 | 1450.2 |
         Abyss |     42 |     42 |      0 |      0 |     38 |   1 |   42.0 |
               +--------+--------+--------+--------+--------+-----+--------+

Top non-repeatable levels by time:
     D:3: 2288 daAuts
     D:5: 1902 daAuts
     D:8: 1794 daAuts
     D:2: 1767 daAuts
     D:6: 1447 daAuts
     D:1: 1364 daAuts
     D:4: 1106 daAuts
     D:7: 955 daAuts
     D:9: 424 daAuts
 Abyss:1: 42 daAuts
